[Event "Czech Extraliga 2023-24"]
[Site "Czech Republic"]
[Date "2024.04.07"]
[Round "11.4"]
[White "Bernasek, Jan"]
[Black "Cvek, Robert"]
[Result "1/2-1/2"]
[ECO "D35"]
[WhiteElo "2524"]
[BlackElo "2447"]
[Annotator "TA"]
[PlyCount "80"]
[EventDate "2023.10.14"]
[EventCountry "CZE"]
[SourceTitle "playchess.com"]
[Source "ChessBase"]
[SourceQuality "1"]
[TimeControl "40/5400+30:1800+30"]

1. d4 Nf6 2. c4 e6 3. Nc3 d5 4. cxd5 exd5 5. Bg5 c6 6. e3 Bf5 7. Qf3 Be6 8. Bxf6 Qxf6 9. Qxf6 gxf6 10. Nf3 {[%emt 0:01:18] White is slightly better.} Nd7 11. Bd3 Nb6 12. Ne2 Nc4 13. O-O-O Nd6 14. Ng3 Bh6 15. Nh4 Bg5 16. Nhf5 Bxf5 17. Bxf5 Bh4 {[%emt 0:00:33] [#] White must now prevent ...Bxg3.} 18. Bd3 Ke7 19. Rhe1 f5 20. Nxf5+ Nxf5 21. Bxf5 Bxf2 22. Re2 Bh4 23. e4 Bg5+ 24. Kc2 Kd6 25. Rf1 Rae8 26. e5+ Ke7 27. Kd3 {[%emt 0:04:23] White is more active.} h5 28. Ref2 Ref8 29. Bh3 Rhg8 30. Rf5 a5 31. R1f3 Rg6 32. g3 a4 33. Kc3 Rg7 34. Kb4 Ra8 $1 35. Kc3 Rh8 36. Bf1 {[%emt 0:00:54] h4 is the strong threat.} h4 37. g4 Ra8 38. Kc2 Ra5 39. h3 b6 (39... Ra7 $14) 40. Rd3 $2 {[%emt 0:01:42] [#]} (40. Rf6 $1 $18 c5 41. Rxb6 cxd4 42. Bb5) 40... c5 {[%emt 0:03:16] Weighted Error Value: White=0.15 (very precise) /Black=0.15 (very precise) .  Mistake:       	White=1     	Black=1      Inaccurate:     	White=4     	Black=5      OK:         	White=10    	Black=11     Best:        	White=2     	Black=1      Strong:       	---       	Black=1} 1/2-1/2

[Event "Czech Extraliga 2023-24"]
[Site "Czech Republic"]
[Date "2024.04.07"]
[Round "11.4"]
[White "Ponizil, Cyril"]
[Black "Vykouk, Jan"]
[Result "0-1"]
[ECO "B70"]
[WhiteElo "2467"]
[BlackElo "2493"]
[Annotator "RC"]
[PlyCount "72"]
[EventDate "2023.10.14"]
[EventCountry "CZE"]
[SourceTitle "playchess.com"]
[Source "ChessBase"]
[SourceQuality "1"]
[TimeControl "40/5400+30:1800+30"]

1. e4 c5 2. Nf3 d6 3. d4 cxd4 4. Nxd4 Nf6 5. Nc3 Nc6 6. Be2 g6 7. O-O Bg7 8. Nb3 O-O 9. Re1 a6 10. Bg5 h6 11. Bh4 b5 12. Bf1 Bb7 13. Qd2 g5 14. Bg3 Nh5 15. a4 Nxg3 16. hxg3 b4 17. Nd1 a5 18. Rb1 e6 19. c3 Rc8 20. cxb4 Nxb4 21. Nc3 d5 22. exd5 Nxd5 23. Nxd5 Bxd5 24. Nxa5 Qb6 25. b4 Bc3 26. Qe3 Bd4 27. Qd2 Rc3 28. Rbd1 Bg7 29. Rb1 Rfc8 30. Re2 Ra3 31. Qd1 Rxg3 32. Nb3 Rg4 33. Rc2 Rxc2 34. Qxc2 Rxb4 35. a5 Qd6 36. Nc1 Rh4 0-1

[Event "Czech Extraliga 2023-24"]
[Site "Czech Republic"]
[Date "2024.04.07"]
[Round "11.4"]
[White "Rubes, Jan"]
[Black "Vlasak, Lukas"]
[Result "1-0"]
[ECO "D35"]
[WhiteElo "2432"]
[BlackElo "2464"]
[Annotator "RC"]
[PlyCount "121"]
[EventDate "2023.10.14"]
[EventCountry "CZE"]
[SourceTitle "playchess.com"]
[Source "ChessBase"]
[SourceQuality "1"]
[TimeControl "40/5400+30:1800+30"]

1. c4 e6 2. Nc3 d5 3. d4 h6 4. Nf3 Nf6 5. g3 Bd6 6. Bg2 Nc6 7. O-O O-O 8. cxd5 exd5 9. Bf4 Re8 10. e3 Bg4 11. Bxd6 Qxd6 12. Qb3 Rab8 13. Rfc1 a6 14. a4 Bxf3 15. Bxf3 Ne7 16. Qa3 Qd7 17. b4 Qf5 18. Bg2 c6 19. b5 axb5 20. axb5 h5 21. Qd6 Rbd8 22. Qf4 Qd7 23. bxc6 bxc6 24. Na4 Ng6 25. Qg5 Rb8 26. Nc5 Qe7 27. Rcb1 Nf8 28. Bh3 Qc7 29. Bf5 Rxb1+ 30. Rxb1 Rb8 31. Ra1 Qe7 32. Qf4 Rb6 33. Ra8 g6 34. Bd3 Kg7 35. Qe5 Qxe5 36. dxe5 N6h7 37. Rc8 h4 38. gxh4 Ne6 39. Nxe6+ fxe6 40. Kg2 Nf8 41. Rc7+ Kh6 42. Kg3 c5 43. Rxc5 Nd7 44. Rb5 Rc6 45. Kf4 Rc8 46. Bf1 Rf8+ 47. Kg3 Nxe5 48. f4 Nd7 49. Bh3 Re8 50. Bg4 Nf6 51. Rb6 Nh5+ 52. Bxh5 Kxh5 53. Rd6 Re7 54. Rd8 Kh6 55. Kg4 Ra7 56. Re8 Ra6 57. Re7 Rd6 58. h3 d4 59. exd4 Rxd4 60. Rxe6 Rd5 61. h5 1-0

[Event "Czech Extraliga 2023-24"]
[Site "Czech Republic"]
[Date "2024.04.07"]
[Round "11.4"]
[White "Rasik, Vitezslav"]
[Black "Zwardon, Vojtech"]
[Result "1/2-1/2"]
[ECO "B31"]
[WhiteElo "2411"]
[BlackElo "2452"]
[Annotator "TA"]
[PlyCount "119"]
[EventDate "2023.10.14"]
[EventCountry "CZE"]
[SourceTitle "playchess.com"]
[Source "ChessBase"]
[SourceQuality "1"]
[TimeControl "40/5400+30:1800+30"]

1. e4 c5 2. Nf3 Nc6 3. Bb5 g6 4. c3 Nf6 5. Qe2 Bg7 6. d4 cxd4 7. cxd4 d5 8. e5 Ne4 9. O-O O-O 10. Be3 {[%emt 0:00:22] was the old line (10.Rd1). B31: Sicilian: 2...Nc6 3 Bb5 g6.} f6 11. Nbd2 Nxd2 12. Qxd2 Bg4 13. Bxc6 bxc6 14. exf6 exf6 15. Ne1 Bf5 16. Nd3 $146 ({Predecessor:} 16. Rc1 Qb6 17. Qc3 a5 18. Nf3 Rfc8 19. Rfe1 Bf8 20. a3 Rab8 21. Nh4 Bd7 22. Re2 {0-1 Fechner,J (2400)-Muck,C (2000) W-Cup12 sf05 corr 2003}) 16... Bxd3 17. Qxd3 Qb6 18. b3 f5 19. f3 a5 20. Rab1 Rfe8 21. Bf2 a4 22. Rfc1 axb3 23. Rxb3 Qa6 24. Qxa6 Rxa6 25. Rc2 Rea8 26. Rbb2 R8a7 27. Kf1 Kf7 28. Re2 (28. Rb8 $11) 28... Ra4 ({Better is} 28... h5 $15) 29. Rec2 $11 R4a6 30. Re2 Bf6 31. Rbc2 Rb7 32. Rb2 Rba7 33. Rbc2 h5 34. g3 Rb6 35. Rc3 Ra4 36. Rec2 Raa6 37. Re2 Rb1+ 38. Kg2 Rd1 39. Rec2 Bxd4 40. Bxd4 Rxd4 41. Rxc6 Rxc6 42. Rxc6 {[%emt 0:00:04][%mdl 4096] Endgame. KR-KR} Rd2+ 43. Kh3 Rxa2 44. g4 hxg4+ 45. fxg4 fxg4+ 46. Kg3 $1 Rd2 {[%emt 0:00:59] Threatens to win with ...Rd4.} 47. Rd6 $1 d4 ({Don't do} 47... Rd4 48. Kh4 $17) 48. Kf4 $1 d3 49. Kxg4 Ke7 50. Rd4 $1 Kf6 {[%emt 0:00:07][%cal Of6e5] aiming for ...Ke5!} 51. Kf4 Rf2+ 52. Kg3 Rd2 {[%emt 0:00:10] Strongly threatening ...Ke5.} 53. Kf4 g5+ 54. Ke4 Rxh2 {[%emt 0:01:47] ...Rh4+ is the strong threat.} 55. Rd6+ Kg7 56. Kf5 d2 57. Kxg5 Kf7 58. Kf4 Ke7 59. Rd3 d1=N 60. Rxd1 1/2-1/2

[Event "Czech Extraliga 2023-24"]
[Site "Czech Republic"]
[Date "2024.04.07"]
[Round "11.5"]
[White "Zilka, Stepan"]
[Black "Laznicka, Viktor"]
[Result "1/2-1/2"]
[ECO "B84"]
[WhiteElo "2579"]
[BlackElo "2597"]
[Annotator "TA"]
[PlyCount "82"]
[EventDate "2023.10.14"]
[EventCountry "CZE"]
[SourceTitle "playchess.com"]
[Source "ChessBase"]
[SourceQuality "1"]
[TimeControl "40/5400+30:1800+30"]

1. e4 c5 2. Nf3 d6 3. d4 cxd4 4. Nxd4 Nf6 5. Nc3 a6 6. Be2 e6 7. Be3 Nbd7 8. g4 h6 9. Qd2 (9. f4 $14) 9... b5 $1 $11 {[%emt 0:00:05] Threatens to win with ...b4.} 10. a3 Bb7 {[%emt 0:00:06] Black has an edge.} 11. f3 d5 12. exd5 Nxd5 13. Nxd5 Bxd5 14. O-O-O g6 (14... Rc8 $11) 15. h4 Bg7 (15... h5 $14) 16. Kb1 h5 17. Rhe1 Ne5 18. Bg5 Qb6 19. gxh5 Rxh5 20. b3 {[%emt 0:20:46] Dodges Nc4} ({White should play} 20. f4 $14 Nc4 21. Qd3 Rxg5 22. hxg5) 20... Rb8 (20... Nc6 $11 {keeps the balance.} 21. Nxc6 Qxc6) 21. Qb4 (21. f4 $16 Nc4 22. Qb4 (22. bxc4 $2 bxc4+ $19)) 21... Bf8 $36 {[%emt 0:03:57][%mdl 2048] Black has good play.} 22. Qc3 b4 23. Qe3 Bg7 24. axb4 (24. f4 Rxg5 25. fxg5 (25. hxg5 $2 Nc6 $19) 25... bxa3 $17 (25... Nc6 26. Bc4 $17)) ({Better is} 24. a4 $11) 24... Qxb4 $15 {[%emt 0:04:17][%cal Oh5g5] Strongly threatening ...Rxg5!} 25. f4 {[%emt 0:00:47] [#]} Rxg5 26. hxg5 Nc6 27. Nxc6 Qa3 28. Ne5 $1 {[%emt 0:06:59] [#]} (28. Nxb8 $2 Qb2#) (28. Nd4 $2 Bxb3 29. Qxb3 Rxb3+ 30. cxb3 Bxd4 31. Rxd4 Qxb3+ 32. Ka1 Qc3+ 33. Kb1 Qxd4 $19 (33... Qxe1+ $2 34. Bd1 $19)) 28... Bxb3 29. cxb3 Rxb3+ 30. Qxb3 Qxb3+ 31. Kc1 Qc3+ 32. Kb1 Qb4+ $1 33. Kc2 {[%emt 0:00:06][%cal Od1d8] Hoping for Rd8+!} Qa4+ 34. Kb1 (34. Kd3 $11) 34... Qxf4 35. Nc4 Qxg5 {[%emt 0:00:06] aiming for ...Qf5+.} 36. Kc2 Qc5 {[%emt 0:00:30][%mdl 1024] Black has strong compensation.} (36... Qf5+ 37. Bd3 Qd5 (37... Qf2+ 38. Kb1 $17) 38. Bf1) 37. Rb1 Qf5+ 38. Bd3 Qf2+ 39. Re2 {[%emt 0:00:10] Dancing on a razor blade.} Qd4 40. Rb3 {[%emt 0:01:20] Wards off Qc3+} Bf6 41. Re4 Qf2+ {[%emt 0:04:10] Weighted Error Value: White=0.15 (very precise) /Black=0.14 (very precise) .  Mistake:       	White=5     	Black=3      Inaccurate:     	White=1     	Black=2      OK:         	White=14    	Black=12     Best:        	---       	Black=1      Strong:       	White=1     	Black=2      Brilliant:      	---       	Black=2} 1/2-1/2

[Event "Czech Extraliga 2023-24"]
[Site "Czech Republic"]
[Date "2024.04.07"]
[Round "11.5"]
[White "Simacek, Pavel"]
[Black "Bures, Jaroslav"]
[Result "1/2-1/2"]
[ECO "D10"]
[WhiteElo "2446"]
[BlackElo "2414"]
[Annotator "TA"]
[PlyCount "40"]
[EventDate "2023.10.14"]
[EventCountry "CZE"]
[SourceTitle "playchess.com"]
[Source "ChessBase"]
[SourceQuality "1"]
[TimeControl "40/5400+30:1800+30"]

1. d4 d5 2. c4 c6 3. cxd5 cxd5 4. Nc3 Nf6 5. Bf4 Nc6 6. e3 Bg4 7. f3 Bd7 8. g4 e6 9. Bd3 Be7 {[%emt 0:00:13] White has an edge.} 10. Nge2 O-O 11. Kf2 Qb6 12. Qd2 Nb4 13. Bb1 Bb5 (13... h5 $11) 14. Ng3 (14. Nxb5 $16 {Nbc3 would now be deadly.} Qxb5 15. a3) 14... a5 (14... Ba6 $11) 15. a3 $16 Nc6 16. Qc2 ({White should try} 16. g5 $16 {[%cal Oc3b5] aiming for Nxb5!} Nd7 17. Nxb5 Qxb5 18. Ne2) 16... Bc4 $11 {[%emt 0:04:15] The position is equal.} 17. g5 Bb3 18. Qd3 Bc4 19. Qc2 Bb3 20. Qd3 Bc4 {[%emt 0:00:04] Weighted Error Value: White=0.18 (very precise) /Black=0.21 (precise) .  Mistake:       	White=2     	Black=2      Inaccurate:     	White=1     	Black=1      OK:         	White=5     	Black=3      Best:        	White=1     	Black=4} 1/2-1/2

[Event "Czech Extraliga 2023-24"]
[Site "Czech Republic"]
[Date "2024.04.07"]
[Round "11.5"]
[White "Omelja, Artem"]
[Black "Polak, Tomas"]
[Result "0-1"]
[ECO "A14"]
[WhiteElo "2438"]
[BlackElo "2525"]
[Annotator "TA"]
[PlyCount "160"]
[EventDate "2023.10.14"]
[EventCountry "CZE"]
[SourceTitle "playchess.com"]
[Source "ChessBase"]
[SourceQuality "1"]
[TimeControl "40/5400+30:1800+30"]

1. Nf3 Nf6 2. c4 e6 3. b3 b6 4. g3 Bb7 5. Bg2 c5 6. O-O Be7 7. Bb2 O-O 8. e3 d5 9. Qe2 Nbd7 10. Nc3 Rc8 11. d3 Qc7 12. Rad1 Qb8 13. Ne1 Rfd8 14. f4 Nf8 15. Nf3 Qa8 16. Kh1 Ng6 17. Rde1 dxc4 18. bxc4 a6 19. a4 Bc6 20. e4 Rc7 21. Ne5 {[%emt 0:01:22] Nxc6 is the strong threat.} Bb7 22. a5 bxa5 23. Na4 Ne8 (23... Qa7 $14) 24. Bc3 $1 $18 Nxe5 25. fxe5 Bc6 26. Nb6 (26. Qf2 $18 f6 (26... Bxa4 27. Qxf7+ Kh8 28. Qf8+ Bxf8 29. Rxf8#) 27. Nb6 (27. Nxc5 Bxc5 28. Qxc5 Bxe4 $11) (27. exf6 gxf6 28. Nxc5 Bxc5 $16)) 26... Qa7 $16 27. Bxa5 Rb8 {[%emt 0:02:32] [#]} 28. Nd5 Rcb7 (28... Rcc8 29. Ra1) 29. Nxe7+ Rxe7 30. Rb1 {[%emt 0:00:50] Wards off Rb3} (30. Ra1 $16) 30... Reb7 31. Qc2 Nc7 32. Rxb7 Rxb7 {[%emt 0:00:23] Black is weak on the dark squares} 33. Rb1 (33. Qc3 $16) 33... Na8 $1 $14 34. Qc1 h6 35. Qg1 Ba4 36. h3 Bc2 37. Rxb7 Qxb7 38. Qxc5 Bxd3 39. Qd4 $1 Qb1+ 40. Kh2 Qa2 41. Qxd3 Qxa5 $11 {[%emt 0:00:11][%mdl 4096] Endgame. KQB-KQN} 42. Qd6 $1 Nc7 43. c5 {[%emt 0:07:39] Threatens to win with Qb6.} Nb5 44. Qb6 Qc3 45. c6 Qxe5 46. Qxa6 Nc7 {[%emt 0:05:39] Against Qa8+} 47. Qc8+ Kh7 48. Qd7 Kg8 49. Qd8+ Kh7 50. h4 g6 (50... Kg6 $11) 51. Qf8 $18 f5 52. Qf7+ Qg7 53. Qd7 Kg8 (53... h5 $16 54. e5 Kh6 55. Qd2+ Kh7) 54. exf5 gxf5 55. Bf3 $1 Qf7 56. Qd8+ Kg7 {[%emt 0:05:59] [#]} 57. Bh5 Qxh5 $14 58. Qxc7+ {[%emt 0:00:06] KQ-KQ} Kg6 59. Qe5 {[%emt 0:00:41] Inhibits Qe2+.} Qf3 $2 (59... Kf7 $1 $14) 60. Qxe6+ $18 Kg7 61. Qc4 {[%emt 0:01:54] c7 would now be deadly.} Qf2+ $1 62. Kh3 {[%emt 0:00:07] Strongly threatening c7.} Qg1 63. Qc3+ Kg6 $2 (63... Kh7 $14 64. Qf3 Kg7) 64. Qf3 $2 (64. h5+ $1 $18 Kf7 65. Qf3) 64... h5 $2 (64... Kg7 $16 {is tougher.}) 65. Qg2 $2 (65. c7 $18 Qc1 66. Qb7 Qf1+ 67. Kh2 Qf2+ 68. Qg2) 65... Qc1 $16 66. Kh2 Kf6 (66... Qc5 $16) 67. Qd5 $18 Qc2+ 68. Kg1 (68. Kh3 $18 {is the precise move to win.}) 68... Qc1+ $2 (68... Qe2 $16) 69. Kg2 Qc2+ 70. Kh3 $2 (70. Kf1 $18) 70... Qc1 $16 71. Qf3 Kg6 {[%emt 0:00:57] [#]} 72. Kh2 $1 {[%emt 0:00:17] Black must now prevent Qf4.} Qc2+ {[%emt 0:00:36] [#]} 73. Qg2 $1 Qc1 $2 (73... Qc5 $16 {is a better chance.}) 74. Qa2 $2 (74. Qd5 $18 {and the rest is easy. White threatens Qe6+ and mate.} Qc2+ 75. Kg1) 74... Kf6 75. Qg8 (75. Qa6 $16 {Threatening mate with c7+.} Qc2+ 76. Kh3) 75... Qc2+ $11 {[%emt 0:00:19] The position is equal.} 76. Kh3 {[%emt 0:00:14] And now Qg5+ would win.} Qxc6 77. Qg5+ Ke5 78. Qf4+ (78. Qxh5 $2 Qh1#) 78... Ke6 79. Qh6+ Kd7 $1 80. Qg7+ (80. Qxh5 $2 Qh1#) 80... Kd8 {[%emt 0:00:33][%mdl 32768] Black escapes into a draw.   Weighted Error Value: White=0.17 (very precise) /Black=0.24 (precise) .  Loses game:     	---       	Black=5      Missed win:     	White=4     	---        Mistake:       	White=6     	Black=4      Inaccurate:     	White=5     	Black=7      OK:         	White=20    	Black=18     Best:        	White=10    	Black=13     Strong:       	White=4     	Black=3      Brilliant:      	White=1     	---       . Sensor Board Error (Ke4/e5)?} 0-1

[Event "Czech Extraliga 2023-24"]
[Site "Czech Republic"]
[Date "2024.04.07"]
[Round "11.5"]
[White "Haba, Petr"]
[Black "Jurcik, Marian"]
[Result "1/2-1/2"]
[ECO "D30"]
[WhiteElo "2432"]
[BlackElo "2404"]
[Annotator "TA"]
[PlyCount "29"]
[EventDate "2023.10.14"]
[EventCountry "CZE"]
[SourceTitle "playchess.com"]
[Source "ChessBase"]
[SourceQuality "1"]
[TimeControl "40/5400+30:1800+30"]

1. d4 d5 2. c4 e6 3. Nf3 Nd7 4. Nbd2 Ngf6 5. g3 b6 6. cxd5 exd5 7. Bg2 Bd6 8. O-O {[%emt 0:03:29][%cal Oe2e4] The position is equal.} O-O 9. Nh4 Re8 10. Re1 Bb7 11. a3 g6 12. Nc4 Bf8 {[%emt 0:01:04] Black is slightly better.} 13. Bg5 h6 14. Bxf6 Qxf6 15. Ne3 {[%emt 0:00:14] Weighted Error Value: White=0.08 (flawless) /Black=0.03 (flawless) .  Inaccurate:     	White=1     	---        OK:         	White=6     	Black=2      Best:        	---       	Black=1} 1/2-1/2

[Event "Czech Extraliga 2023-24"]
[Site "Czech Republic"]
[Date "2024.04.07"]
[Round "11.5"]
[White "Piesik, Piotr"]
[Black "Nagy, Gabor"]
[Result "1/2-1/2"]
[ECO "D36"]
[WhiteElo "2421"]
[BlackElo "2436"]
[Annotator "TA"]
[PlyCount "26"]
[EventDate "2023.10.14"]
[EventCountry "CZE"]
[SourceTitle "playchess.com"]
[Source "ChessBase"]
[SourceQuality "1"]
[TimeControl "40/5400+30:1800+30"]

1. d4 Nf6 2. c4 e6 3. Nc3 d5 4. cxd5 exd5 5. Bg5 Be7 6. e3 h6 7. Bh4 c6 8. Bd3 Ne4 9. Bxe7 Qxe7 10. Qc2 {[%emt 0:00:42][%cal Oc3d5] [#] aiming for Nxd5! The position is equal.} Bf5 11. Nge2 Nxc3 12. bxc3 Bxd3 13. Qxd3 Nd7 {[%emt 0:00:00] An uneventful encounter.   Weighted Error Value: White=0.01 (flawless) /Black=0.04 (flawless) .  OK:         	---       	Black=2} 1/2-1/2

[Event "Czech Extraliga 2023-24"]
[Site "Czech Republic"]
[Date "2024.04.07"]
[Round "11.5"]
[White "Jansa, Vlastimil"]
[Black "Blahynka, Martin"]
[Result "0-1"]
[ECO "B92"]
[WhiteElo "2322"]
[BlackElo "2375"]
[Annotator "RC"]
[PlyCount "108"]
[EventDate "2023.10.14"]
[EventCountry "CZE"]
[SourceTitle "playchess.com"]
[Source "ChessBase"]
[SourceQuality "1"]
[TimeControl "40/5400+30:1800+30"]

1. e4 c5 2. Nf3 d6 3. d4 cxd4 4. Nxd4 Nf6 5. Nc3 a6 6. Be2 e5 7. Nb3 Be7 8. O-O O-O 9. Kh1 Qc7 10. a4 Be6 11. f4 Rd8 12. f5 Bc4 13. Bg5 Nbd7 14. Nd2 Bxe2 15. Qxe2 Rac8 16. Rf3 Kf8 17. b3 Ng8 18. Bxe7+ Nxe7 19. Nc4 Nf6 20. Rd1 Nc6 21. Rg3 Nd4 22. Qe3 d5 23. Nxe5 Qxe5 24. Qxd4 Qxd4 25. Rxd4 Nxe4 26. Nxe4 dxe4 27. Rxd8+ Rxd8 28. h3 Rc8 29. Re3 Rxc2 30. Rxe4 Rc5 31. g4 a5 32. Re3 Rc2 33. Re5 Rc3 34. Rb5 Rxh3+ 35. Kg2 Rd3 36. Rxb7 h6 37. Kf2 Kg8 38. Rb5 Kh7 39. Ke2 Rg3 40. Kd2 g5 41. fxg6+ fxg6 42. Kc2 Rxg4 43. Rxa5 h5 44. Rd5 h4 45. a5 h3 46. Rd3 Rg2+ 47. Kc3 h2 48. Rh3+ Kg7 49. Kb4 g5 50. a6 g4 51. Rh4 g3 52. Rh3 Kf6 53. Kb5 Ra2 54. b4 Ra1 0-1

[Event "Czech Extraliga 2023-24"]
[Site "Czech Republic"]
[Date "2024.04.07"]
[Round "11.6"]
[White "Straka, Vojtech"]
[Black "Burdalev, Kirill"]
[Result "1/2-1/2"]
[ECO "D94"]
[WhiteElo "2439"]
[BlackElo "2338"]
[Annotator "TA"]
[PlyCount "61"]
[EventDate "2023.10.14"]
[EventCountry "CZE"]
[SourceTitle "playchess.com"]
[Source "ChessBase"]
[SourceQuality "1"]
[TimeControl "40/5400+30:1800+30"]

1. c4 c6 2. Nf3 d5 3. e3 Nf6 4. Nc3 g6 5. d4 Bg7 6. h3 O-O 7. Be2 e6 8. O-O Nbd7 9. b3 Ne4 10. Bb2 Nxc3 11. Bxc3 b6 12. Rc1 Bb7 13. Qd2 a5 14. Rfd1 Qe7 15. c5 Qd8 16. cxb6 Qxb6 17. Ne1 Rfc8 18. Nd3 Qa7 19. Rc2 a4 20. bxa4 Qxa4 21. Bb4 Bf8 22. Rdc1 Ba6 {[%emt 0:00:58] [#] And now ...Bxd3 would win.} 23. Bxf8 Bxd3 24. Qxd3 Kxf8 25. Bd1 Qb4 26. Be2 Ra3 27. Qd2 Qxd2 28. Rxd2 Rca8 {[%emt 0:00:14] The position is equal.} 29. Rxc6 Rxa2 30. Rxa2 Rxa2 31. Bf3 {[%emt 0:12:31] An interesting draw.   Weighted Error Value: White=0.06 (flawless) /Black=0.04 (flawless) .  Inaccurate:     	White=1     	Black=2      OK:         	White=6     	Black=11} 1/2-1/2

[Event "Czech Extraliga 2023-24"]
[Site "Czech Republic"]
[Date "2024.04.07"]
[Round "11.6"]
[White "Nemec, Jachym"]
[Black "Sasikiran, Krishnan"]
[Result "0-1"]
[ECO "E53"]
[WhiteElo "2416"]
[BlackElo "2570"]
[Annotator "TA"]
[PlyCount "92"]
[EventDate "2023.10.14"]
[EventCountry "CZE"]
[SourceTitle "playchess.com"]
[Source "ChessBase"]
[SourceQuality "1"]
[TimeControl "40/5400+30:1800+30"]

1. d4 Nf6 2. c4 e6 3. Nc3 Bb4 4. e3 O-O 5. Bd3 d5 6. a3 Bxc3+ 7. bxc3 dxc4 8. Bxc4 c5 9. Nf3 Qc7 10. Be2 b6 11. Bb2 Bb7 12. O-O Nbd7 13. Nd2 e5 14. a4 Rad8 15. Qb3 {[%emt 0:03:13] White has an edge.} Rfe8 16. Rfd1 Nf8 17. Nc4 Bd5 (17... Ng6 $5) 18. Qc2 Ng6 19. Nxe5 cxd4 $1 20. Nxg6 (20. exd4 $15 Nxe5 21. dxe5 Qxe5 22. c4 Qxe2 23. Qxe2 Rxe2 24. Bxf6 gxf6 25. a5) 20... dxe3 $17 21. Nh4 $2 (21. f3 $17 hxg6 (21... fxg6 22. c4 $15) 22. c4) 21... exf2+ $19 22. Kh1 Qf4 {[%emt 0:04:49] Repels Bf3} 23. Nf3 Ng4 {[%emt 0:05:15] ( -> ...Bxf3)} 24. Rd4 Be4 (24... Ne3 $142 25. Qxh7+ Kxh7 26. Rxf4 Bxf3 27. gxf3 (27. Rxf3 $2 Nd1 $19) 27... Nc2) 25. Qxe4 (25. Qd2 Qc7 26. Ne5 (26. h3 Bxf3 27. Qf4 Rxe2 28. Rf1 Re1 29. hxg4 Rxf1+ 30. Kh2 Qxf4+ 31. Rxf4 Rh1+ 32. Kg3 f1=Q 33. Rf5 Qxg2+ 34. Kf4 Bxg4 35. Kg5 Qe4 36. Rf4 Qg6#) 26... Nxe5 27. Rf1) 25... Qxe4 26. Rxe4 Rxe4 27. Bf1 Ne3 28. g3 Nd1 29. Bc1 Re1 $1 30. Kg2 {[%emt 0:00:06] [#]} Rde8 $2 (30... Nxc3 31. Kxf2 Red1 32. Bc4 $17) (30... Ne3+ $1 $19 31. Bxe3 Rxa1) 31. Ra2 ({White should play} 31. Ra3 $14) 31... h6 32. Rc2 g5 {[%emt 0:00:42] And now ...g4 would win.} 33. h3 f5 $36 {[%emt 0:00:29][%cal Of5f4][%mdl 2048] White is under pressure.} 34. g4 $2 (34. Bd2 $11 {and White has nothing to worry.}) 34... f4 35. Bd2 Ne3+ 36. Bxe3 fxe3 37. Nd4 (37. Re2 $142 Ra1 38. Nd4) 37... Kf7 (37... h5 $142 {aiming for ...hxg4.} 38. gxh5 Re4 39. Bc4+ Kh8) 38. Re2 (38. Rb2 {only move.}) 38... Re4 39. Nf5 (39. Nc2 $142 Rxe2 40. Bxe2) 39... Kf6 40. c4 a5 ({Don't do} 40... Rxc4 41. Rxe3 Rxe3 (41... Rxa4 42. Rf3 $17) 42. Bxc4 $17) 41. Ng3 Rxc4 {[%emt 0:18:59] Black has more active pieces.} 42. Rxf2+ {[%emt 0:04:30] [#]} Rf4 $1 ({Much weaker is} 42... exf2 $6 43. Bxc4 Ra1 44. Bb5 $11) 43. Nh5+ $2 (43. Rf3 $17 {was the crucial defense.}) 43... Ke5 {[%emt 0:01:45] Black is clearly winning.} 44. Nxf4 exf2 45. Nh5 Ra1 46. Bb5 {[%emt 0:00:17] [#]} f1=Q+ $1 {[%emt 0:00:22][%mdl 512] Weighted Error Value: White=0.80/Black=0.48.  Loses game:     	White=3     	---        Missed win:     	---       	Black=1      Mistake:       	White=6     	Black=1      Inaccurate:     	White=4     	Black=2      OK:         	White=10    	Black=5      Best:        	White=4     	Black=5      Strong:       	---       	Black=3} 0-1

[Event "Czech Extraliga 2023-24"]
[Site "Czech Republic"]
[Date "2024.04.07"]
[Round "11.6"]
[White "Mladek, Richard"]
[Black "Cech, Pavel"]
[Result "1-0"]
[ECO "A11"]
[WhiteElo "2400"]
[BlackElo "2353"]
[Annotator "TA"]
[PlyCount "53"]
[EventDate "2023.10.14"]
[EventCountry "CZE"]
[SourceTitle "playchess.com"]
[Source "ChessBase"]
[SourceQuality "1"]
[TimeControl "40/5400+30:1800+30"]

1. Nf3 d5 2. g3 Nf6 3. Bg2 c6 4. O-O Bf5 5. c4 e6 6. cxd5 exd5 7. d3 Be7 8. Qb3 Qc8 {[%emt 0:11:55] [#]} 9. e4 $1 dxe4 10. Nd4 {[%emt 0:00:39] Nxf5 is the strong threat. White has an edge.} Bg6 11. dxe4 O-O {[%emt 0:04:10] [#]} 12. Nf5 $1 Bxf5 13. exf5 Na6 14. a3 Nc5 (14... Qxf5 $5 15. Qxb7 Nc5 16. Qxe7 Nb3 $14) 15. Qc2 Rd8 16. Be3 Nd3 17. Rd1 $1 Ne5 (17... Qxf5 $2 18. Bf1 $18) 18. Bd4 {[%emt 0:02:38] A strong pair of Bishops.} Neg4 (18... Qc7 $14) 19. h3 $16 Nh6 20. g4 Nd5 ({Better is} 20... Kh8 21. Nc3 Kg8) 21. Nc3 {[%emt 0:07:19] White is more active.} Nf4 (21... Nxc3 $16 {was worth a try.} 22. Qxc3 (22. Bxc3 Qc7 $16) 22... f6) 22. Qe4 $18 Bd6 {[%emt 0:02:10] [#]} 23. Bxg7 $1 Kxg7 {[%emt 0:00:52] [#]} 24. Rxd6 $1 Rxd6 ({Wrong is} 24... Nxh3+ $2 25. Bxh3 Rxd6 26. Qe5+ (26. g5 Qd8 $18) 26... f6 27. Qxd6 $18) 25. Qe5+ ({Less strong is} 25. Qxf4 Qf8 26. g5 Nxf5 $18) 25... Rf6 {[%emt 0:00:04] Threatens to win with ...Qb8.} 26. Qxf4 Nxf5 27. Ne4 $1 {[%emt 0:01:18] Weighted Error Value: White=0.03 (flawless) /Black=0.32.  Mistake:       	---       	Black=3      Inaccurate:     	White=1     	Black=3      OK:         	White=8     	Black=6      Best:        	White=2     	---        Strong:       	White=2     	---        Brilliant:      	White=2     	---} (27. gxf5 Qxf5 28. Qxf5 Rxf5 $16) 1-0